 Dungeon Crawl Stone Soup version 0.30.0-16-gbe6223bb7e (webtiles) character file.

Game seed: 422707721369169566

60 croobank the Sneak (level 3, -1/31 HPs)
             Began as a Demigod Delver on May 21, 2023.
             Slain by an orc priest
             ... wielding a +0 mace
              (5 damage)
             ... on level 3 of the Dungeon.
             The game lasted 00:12:58 (1971 turns).

croobank the Sneak (Demigod Delver)                 Turns: 1971, Time: 00:12:58

Health: -1/31      AC:  7    Str: 13    XL:     3   Next: 55%
Magic:  5/5        EV: 12    Int: 12    God:
Gold:   135        SH:  0    Dex: 19    Spells: 2/2 levels left

rFire   . . .        i - +0 short sword
rCold   . . .        (no shield)
rNeg    . . .        b - +0 leather armour
rPois   +            (no helmet)
rElec   .            (no cloak)
rCorr   .            (no gloves)
SInv    .            (no boots)
Will    .....        (no amulet)
Stlth   +++          c - +4 ring of protection
HPRegen 0.25/turn    h - ring of poison resistance
MPRegen 0.09/turn

%: no passive effects
@: attractive
A: high MP 1, forlorn, divine attributes
a: no special abilities


You were on level 3 of the Dungeon.
You visited 1 branch of the dungeon, and saw 5 of its levels.

You collected 135 gold pieces.

Inventory:

Hand Weapons
 a - a +0 hand axe
 i - a +0 short sword (weapon)
 s - a +0 trident
Armour
 b - a +0 leather armour (worn)
Jewellery
 c - a +4 ring of protection (left hand)
 e - a ring of see invisible
 h - a ring of poison resistance (right hand)
Wands
 g - a wand of digging (3)
Scrolls
 d - a scroll of identify
 f - a scroll of immolation {unknown}
 j - 2 scrolls of enchant weapon {unknown}
 m - a scroll of enchant armour {unknown}
 n - a scroll of amnesia {unknown}
 q - a scroll of fog
 r - a scroll of teleportation {unknown}
Potions
 k - a potion of attraction
 l - 2 potions of berserk rage {unknown}
 o - 2 potions of haste
 p - a potion of curing {unknown}


   Skills:
 - Level 3.0 Fighting
 * Level 1.3 Short Blades
 - Level 2.2 Axes
 - Level 2.2 Dodging
 + Level 4.8 Stealth


You had 2 spell levels left.
You didn't know any spells.
Your spell library contained the following spells:

 Spells                   Type           Power      Damage    Failure   Level
 Freeze                   Ice            0%         1d3       38%         1
 Magic Dart               Conj           0%         1d3       38%         1
 Call Imp                 Summ           0%         N/A       54%         2
 Call Canine Familiar     Summ           0%         N/A       77%         3
 Frozen Ramparts          Ice            0%         1d1       77%         3
 Hailstorm                Conj/Ice       0%         3d3       77%         3
 Mephitic Cloud           Conj/Pois/Air  0%         N/A       77%         3
 Portal Projectile        Hex/Tloc       0%         N/A       77%         3
 Stone Arrow              Conj/Erth      0%         3d7       77%         3
 Animate Armour           Summ/Erth      0%         N/A       99%         4
 Leda's Liquefaction      Hex/Erth       0%         N/A       99%         4
 Lehudib's Crystal Spear  Conj/Erth      0%         10d2      100%        8


Dungeon Overview and Level Annotations

Branches:
Dungeon (5/15)
 Temple: D:4-7

Annotations:
D:1 2 transporters


Innate Abilities, Weirdness & Mutations

You have an increased reservoir of magic. (+10% MP)
You shall have no god before yourself.
Your divine heritage dramatically boosts your attributes as you level up.


Message History

The kobold is heavily wounded.
The kobold barely misses you.
You hit the kobold but do no damage.
The kobold is heavily wounded.
The kobold hits you but does no damage.
You hit the kobold.
The kobold is severely wounded.
The kobold misses you.
You hit the kobold but do no damage.
The kobold is severely wounded.
The kobold hits you but does no damage.
You hit the kobold but do no damage.
The kobold is severely wounded.
The kobold closely misses you.
You closely miss the kobold.
The kobold is severely wounded.
The kobold hits you but does no damage.
You barely miss the kobold.
The kobold is severely wounded.
The kobold closely misses you.
You hit the kobold.
You kill the kobold!
The orc priest invokes the aid of Beogh against you.
You barely resist.
The orc priest calls down the wrath of Beogh upon you.
Beogh smites you!
* * * LOW HITPOINT WARNING * * *
There is an open door, spattered with blood here.
Items here: )) [ †.
You hit the orc priest.
The orc priest is lightly wounded.
The orc priest hits you but does no damage.
You hit the orc priest.
The orc priest is moderately wounded.
The orc priest hits you with a +0 mace.
* * * LOW HITPOINT WARNING * * *
It was a potion of attraction.
You feel attractive to monsters. The orc priest hits you with a +0 mace.
You die...

*,,,,,,,*,*,#............#.#.#,*
,,......#.#.#####........#.#.#,*
,,..............>#######.#.#.#,*
**,.....#.....##.# #.#.#.#,*
*,..#..#.....##.# #.#.#.#,*
###.#..#.....##.# #.#...#,**
#............##.# #.#..<#...
##.#.####.....##.# #.........
..............##@#######..##.....
##.##+####......o.........###....
#.#,,,,,#...##....)#####..#*#..#
#.#,,,,,#..........+,,,....#*###
#.#,,,,,#+###......#*,,.....# *
*#+#****,,,,,#......#*,#.....# *
,,,,,,,*,,,,........#*,##...##***
,,,,,,,*,,,...#..?..#*,**..##*,,*
,,,,,,,*,,,...#######*,**,***,,,,


You could see an orc priest.

Vanquished Creatures
  2 adders
  2 worms (D:2)
  A dart slug (D:2)
  4 orcs
  4 ball pythons
  3 endoplasms
  A giant cockroach (D:2)
  2 hobgoblins
  5 frilled lizards
  2 goblins (D:1)
  3 kobolds
29 creatures vanquished.

Notes
Turn   | Place    | Note
-------+----------+-------------------------------------------
     0 | D:5      | croobank the Demigod Delver began the quest for the Orb.
     0 | D:5      | Reached XP level 1. HP: 18/18 MP: 3/3
    28 | D:5      | Noticed an iguana
    28 | D:5      | Noticed a scorpion
   199 | D:3      | Reached XP level 2. HP: 14/25 MP: 4/4
   538 | D:1      | Found a transporter.
   967 | D:1      | Found a transporter.
  1309 | D:2      | Reached XP level 3. HP: 7/31 MP: 5/5
  1615 | D:2      | Reached skill level 1 in Short Blades
  1971 | D:3      | Slain by an orc priest

Illustrated notes

Levels and vault maps discovered:
D:1:      spicycebolla_arrival_transporter_tutorial, layout_basic
D:2:      layout_basic, lemuel_flame_loot_1
D:3:      layout_basic, gup_sewer_entry_pipe, shapermc_ecumenical_altar_petra,
          minivault_19
D:4:      layout_rooms, gup_ossuary_entry_pyramid, serial_forest,
          infiniplex_forest_lined_2, infiniplex_forest_clump_cross,
          infiniplex_forest_lined_1, infiniplex_forest_lined_3,
          infiniplex_forest_lined_4_way, infiniplex_forest_lined_room_3,
          roderic_roman_lattice
D:5:      layout_cave_pools, lemuel_coloured_pillars_altar

Skill      XL: |  1  2  3 |
---------------+----------+-----
Axes           | 2 |  2.2
Dodging        | 2 |  2.2
Fighting       | 3 |  3.0
Short Blades   | 1 |  1.3
Stealth        | |  4.8

Action                     || total
---------------------------++-------
  Melee: Hand axe          ||    72
         Short sword       ||    43
    Use: Scroll            ||     6
         Potion            ||     2
   Stab: Sleeping          ||     5
         Distracted        ||     1
 Armour: Leather armour    ||    24
  Dodge: Dodged            ||    59
